 Dungeon Crawl Stone Soup version 0.30-a0-335-ge5acde7520 (webtiles) character file.

Game seed: 1415678078559397928

1302 KKCryptic the Slasher (level 8, 0/61 (64) HPs)
             Began as a Gnoll Wanderer on Oct 31, 2022.
             Was an Initiate of Hepliaklqana.
             Slain by a lemure (6 damage)
             ... led by Pikel
             ... on level 3 of the Dungeon.
             The game lasted 00:32:46 (5601 turns).

KKCryptic the Slasher (Gnoll Wanderer)              Turns: 5601, Time: 00:32:47

HP:   0/61 (64)     AC:  9    Str: 15    XL:     8   Next: 57%
MP:   13/14         EV: 12    Int: 10    God:    Hepliaklqana [......]
Gold: 228           SH:  0    Dex: 12    Spells: 12/14 levels left

rFire   . . .      SeeInvis .    a - +2 falchion
rCold   . . .      Faith    .    (no shield)
rNeg    + . .      Spirit   .    A - +2 leather armour {rN+}
rPois   .          Reflect  .    y - +0 helmet
rElec   .          Harm     .    m - +0 cloak
rCorr   +          Rampage  .    (no gloves)
Will    .....                    C - +2 pair of boots
Stlth   ++........               (no amulet)
HPRegen 0.30/turn                d - ring of resist corrosion
MPRegen 0.14/turn                (no ring)

@: brilliant, lightly drained
A: fangs 1, strong nose, distributed training, deformed body, high MP 1, sense
surroundings 1
a: Renounce Religion


You were on level 3 of the Dungeon.
You worshipped Hepliaklqana.
Hepliaklqana was noncommittal.
You visited 2 branches of the dungeon, and saw 6 of its levels.

You collected 228 gold pieces.

Inventory:

Hand Weapons
 a - a +2 falchion (weapon)
 f - a +2 short sword of venom
 E - a +3 great sword
Missiles
 c - 12 poisoned darts
 i - 23 stones
 x - 9 javelins (quivered)
Armour
 m - a +0 cloak (worn)
 y - a +0 helmet (worn)
 A - a +2 leather armour of positive energy (worn)
 C - a +2 pair of boots (worn)
Jewellery
 d - a ring of resist corrosion (left hand)
Wands
 r - a wand of roots (6)
Scrolls
 b - a scroll of amnesia {unknown}
 e - a scroll of magic mapping {unknown}
 g - a scroll of acquirement {unknown}
 h - 3 scrolls of fear {unknown}
 j - 8 scrolls of identify
 k - a scroll of poison {unknown}
 l - a scroll of immolation {unknown}
 o - a scroll of torment {unknown}
 p - 2 scrolls of teleportation {unknown}
 q - 2 scrolls of blinking {unknown}
 v - 2 scrolls of brand weapon {unknown}
 z - 2 scrolls of fog {unknown}
 B - a scroll of vulnerability {unknown}
Potions
 n - a potion of degeneration
 t - a potion of flight {unknown}
 w - a potion of ambrosia {unknown}
 D - a potion of heal wounds {unknown}
 F - a potion of mutation


   Skills:
 + Level 5.8 Fighting
 + Level 3.5 Short Blades
 + Level 7.5 Long Blades
 + Level 5.8 Axes
 + Level 3.5 Maces & Flails
 + Level 3.5 Polearms
 + Level 3.5 Staves
 + Level 3.5 Ranged Weapons
 + Level 4.4 Throwing
 + Level 3.5 Armour
 + Level 3.5 Dodging
 + Level 4.3 Stealth
 + Level 3.5 Shields
 + Level 3.5 Unarmed Combat
 + Level 3.5 Spellcasting
 + Level 2.9 Conjurations
 + Level 2.9 Hexes
 + Level 2.9 Summonings
 + Level 2.9 Necromancy
 + Level 2.9 Translocations
 + Level 2.9 Transmutations
 + Level 2.9 Fire Magic
 + Level 2.9 Ice Magic
 + Level 2.9 Air Magic
 + Level 2.9 Earth Magic
 + Level 2.9 Poison Magic
 + Level 3.9 Invocations
 + Level 4.4 Evocations


You had 12 spell levels left.
You knew the following spells:

 Your Spells              Type           Power      Damage    Failure   Level
a - Blink                 Tloc           22%        N/A       16%         2

Your spell library contained the following spells:

 Spells                   Type           Power      Damage    Failure   Level
 Freeze                   Ice            44%        1d6       10%         1
 Sting                    Tmut/Pois      44%        1d5       10%         1
 Cigotuvi's Dreadful Rot  Necr/Pois/Air  22%        N/A       16%         2
 Momentum Strike          Conj/Tloc      22%        3d8       16%         2
 Poisonous Vapours        Pois/Air       22%        N/A       16%         2
 Dazzling Flash           Conj/Hex       22%        N/A       30%         3
 Frozen Ramparts          Ice            22%        1d4       30%         3
 Hailstorm                Conj/Ice       11%        3d5       30%         3
 Lesser Beckoning         Tloc           22%        N/A       30%         3
 Mephitic Cloud           Conj/Pois/Air  11%        N/A       30%         3
 Iskenderun's Mystic Bla  Conj/Tloc      11%        2d4       69%         4
 Olgreb's Toxic Radiance  Pois           11%        N/A       69%         4
 Freezing Cloud           Conj/Ice/Air   5%         6-21      95%         5
 Simulacrum               Ice/Necr       5%         N/A       100%        6
 Starburst                Conj/Fire      5%         6d4       100%        6
 Polar Vortex             Ice            5%         N/A       100%        9


Dungeon Overview and Level Annotations

Branches:
Dungeon (5/15)             Temple (1/1) D:5

Altars:
Cheibriados
Elyvilon
Gozag
Hepliaklqana
Kikubaaqudgha
Makhleb
Nemelex Xobeh
Okawaru
Ru
Sif Muna
Trog
Uskayaw
Vehumet
Wu Jian
Zin

Annotations:
D:4 Pikel


Innate Abilities, Weirdness & Mutations

You have very sharp teeth.
Your uncanny sense of smell can sniff out nearby items.
Your experience applies equally to all skills.
Armour fits poorly on your strangely shaped body.
You have an increased reservoir of magic. (+10% MP)
You passively map a small area around you.


Message History

* * * LOW HITPOINT WARNING * * *
You hit the lemure but do no damage. You punch the lemure, but do no damage.
The lemure is heavily wounded.
You closely miss the lemure. You bite the lemure, but do no damage.
The lemure is heavily wounded.
The lemure barely misses you.
You barely miss the lemure.
The lemure is heavily wounded.
The lemure hits you but does no damage.
You barely miss the lemure.
The lemure is heavily wounded.
The lemure closely misses you.
You hit the lemure.
The lemure is heavily wounded.
The lemure completely misses you.
You barely miss the lemure. Your bite misses the lemure.
The lemure is heavily wounded.
The lemure hits you.
* * * LOW HITPOINT WARNING * * *
It was a potion of brilliance.
You feel clever all of a sudden. The lemure misses you.
You hit the lemure.
The lemure is severely wounded.
The lemure hits you.
* * * LOW HITPOINT WARNING * * *
You closely miss the lemure.
The lemure is severely wounded.
The lemure hits you.
* * * LOW HITPOINT WARNING * * *
You hit the lemure but do no damage.
The lemure is severely wounded.
The lemure hits you.
* * * LOW HITPOINT WARNING * * *
It was a potion of mutation.
You feel extremely strange.
You feel more energetic.
You feel a strange attunement to the structure of the dungeons.
Your body twists and deforms.
The lemure hits you.
You die...

#.# #........#.## ##.#
#.# #.#####..##.###...
#.# #.# #..###.#..##
#.# ###.### #..##.....#
#.# #.....# #.........#
#.###.###.###.###....##
#.....# #>.....###.#.#
#####.###.###..###.#.#
#..@5.......##.#.###
#########......#....
###########...####....
#..^...........#......
#.#######.........†...
#.# #............. #.#
#.....†.#...†. #.#
##.....####..# #.#
##...## ##..#


You could see a lemure.

Vanquished Creatures
  Eustachio (D:4)
  Menkaure (D:5)
  An ogre (D:4)
  2 lemures
  A necrophage (D:5)
  3 scorpions (D:5)
  3 wights (D:5)
  A howler monkey (D:5)
  5 jellies
  2 hounds (D:5)
  An iguana (D:5)
  Natasha (twice) (D:4)
  3 orc wizards
  6 adders
  4 worms
  4 dart slugs
  13 orcs
  8 bats
  5 endoplasms
  5 giant cockroaches
  A goblin (D:2)
  5 hobgoblins
  10 jackals
  4 quokkas
  5 ball pythons
  2 frilled lizards (D:1)
  8 kobolds
  5 rats
111 creatures vanquished.

Vanquished Creatures (others)
  A plant (D:3)
1 creature vanquished.

Grand Total: 112 creatures vanquished

Notes
Turn   | Place    | Note
-------+----------+-------------------------------------------
     0 | D:1      | KKCryptic the Gnoll Wanderer began the quest for the Orb.
     0 | D:1      | KKCryptic set off with the following items: a +2 falchion,
                  | a +0 hand axe, 13 poisoned darts, a +0 dagger, a potion of
                  | lignification, a +0 leather armour.
     0 | D:1      | Reached XP level 1. HP: 20/20 MP: 1/1
   136 | D:1      | Reached XP level 2. HP: 26/26 MP: 2/2
   368 | D:1      | Reached XP level 3. HP: 29/31 MP: 3/3
   605 | D:2      | Reached skill level 1 in Invocations
   839 | D:2      | Reached skill level 1 in Short Blades
   839 | D:2      | Reached skill level 1 in Maces & Flails
   839 | D:2      | Reached skill level 1 in Polearms
   839 | D:2      | Reached skill level 1 in Staves
   839 | D:2      | Reached skill level 1 in Ranged Weapons
   839 | D:2      | Reached skill level 1 in Armour
   839 | D:2      | Reached skill level 1 in Dodging
   839 | D:2      | Reached skill level 1 in Shields
   839 | D:2      | Reached skill level 1 in Unarmed Combat
   839 | D:2      | Reached skill level 1 in Spellcasting
   844 | D:2      | You fall into a shaft and drop 1 floor!
   920 | D:3      | Reached XP level 4. HP: 37/38 MP: 5/5
  1289 | D:3      | Reached skill level 1 in Conjurations
  1289 | D:3      | Reached skill level 1 in Hexes
  1289 | D:3      | Reached skill level 1 in Summonings
  1289 | D:3      | Reached skill level 1 in Necromancy
  1289 | D:3      | Reached skill level 1 in Translocations
  1289 | D:3      | Reached skill level 1 in Transmutations
  1289 | D:3      | Reached skill level 1 in Fire Magic
  1289 | D:3      | Reached skill level 1 in Ice Magic
  1289 | D:3      | Reached skill level 1 in Air Magic
  1289 | D:3      | Reached skill level 1 in Earth Magic
  1289 | D:3      | Reached skill level 1 in Poison Magic
  1318 | D:3      | Found a white marble altar of Elyvilon.
  1825 | D:3      | Reached XP level 5. HP: 40/43 MP: 7/7
  2243 | D:4      | Found an ancient bone altar of Kikubaaqudgha.
  2283 | D:4      | Noticed Eustachio
  2425 | D:4      | Killed Eustachio
  2426 | D:4      | Reached skill level 5 in Fighting
  2426 | D:4      | Reached skill level 5 in Axes
  2426 | D:4      | Reached XP level 6. HP: 51/51 MP: 7/9
  2558 | D:4      | Reached skill level 7 in Long Blades
  2558 | D:4      | Reached XP level 7. HP: 56/56 MP: 10/10
  2675 | D:4      | Learned a level 2 spell: Blink
  2761 | D:4      | Noticed Natasha
  2769 | D:4      | Killed Natasha
  2781 | D:4      | Noticed Pikel
  2988 | D:5      | Entered Level 5 of the Dungeon
  3520 | D:5      | Reached XP level 8. HP: 42/63 MP: 12/12
  3773 | D:5      | Noticed Menkaure
  3789 | D:5      | Killed Menkaure
  4007 | D:5      | Found a staircase to the Ecumenical Temple.
  4057 | Temple   | Entered the Ecumenical Temple
  4319 | Temple   | Became a worshipper of Hepliaklqana the Forgotten
  4820 | D:4      | Noticed Natasha
  5566 | D:4      | Killed Natasha
  5601 | D:3      | Gained mutation: You have an increased reservoir of magic.
                  | (+10% MP) [potion of mutation]
  5601 | D:3      | Gained mutation: You passively map a small area around you.
                  | [potion of mutation]
  5601 | D:3      | Gained mutation: Armour fits poorly on your strangely
                  | shaped body. [potion of mutation]
  5601 | D:3      | Slain by a lemure

Illustrated notes

Levels and vault maps discovered:
D:1:      matt_arrival_los_fun, layout_basic, minmay_unequal
D:2:      layout_rooms
D:3:      layout_loops_ring, elyvilon_altar_1
D:4:      layout_basic, nicolae_kikubaaqudgha_miasma_corner, st_stairs_10,
          uniq_natasha, uniq_eustachio, uniq_pikel
D:5:      layout_basic, temple_doors_ab, dk_rats_in_the_wall, uniq_menkaure
Temple:   nicolae_temple_bog_church

Skill      XL: |  1  2  3  4  5  6  7  8 |
---------------+-------------------------+-----
Invocations    | 1 2 3 |  3.9
Short Blades   | 1 2 3 |  3.5
Maces & Flails | 1 2 3 |  3.5
Polearms       | 1 2 3 |  3.5
Staves         | 1 2 3 |  3.5
Ranged Weapons | 1 2 3 |  3.5
Armour         | 1 2 3 |  3.5
Dodging        | 1 2 3 |  3.5
Shields        | 1 2 3 |  3.5
Unarmed Combat | 1 2 3 |  3.5
Spellcasting   | 1 2 3 |  3.5
Conjurations   | 1 2 |  2.9
Hexes          | 1 2 |  2.9
Summonings     | 1 2 |  2.9
Necromancy     | 1 2 |  2.9
Translocations | 1 2 |  2.9
Transmutations | 1 2 |  2.9
Fire Magic     | 1 2 |  2.9
Ice Magic      | 1 2 |  2.9
Air Magic      | 1 2 |  2.9
Earth Magic    | 1 2 |  2.9
Poison Magic   | 1 2 |  2.9
Throwing       | 3 4 |  4.4
Evocations     | 3 4 |  4.4
Fighting       | 5 |  5.8
Axes           | 5 |  5.8
Stealth        | 3 4 |  4.3
Long Blades    | 7 |  7.5

Action                   |  1- 3 |  4- 6 |  7- 9 || total
-------------------------+-------+-------+-------++-------
Melee: Falchion          |   109 |   138 |   214 ||   461
       Bite              |     8 |    13 |    25 ||    46
       Punch             |     4 |     1 |     4 ||     9
Throw: Dart              |       |    17 |    20 ||    37
       Javelin           |       |       |     3 ||     3
 Cast: Blink             |       |       |     5 ||     5
  Use: Potion            |       |       |     7 ||     7
       Scroll            |       |       |     1 ||     1
 Stab: Sleeping          |     1 |       |     7 ||     8
Armor: Leather armour    |    17 |       |    41 ||    58
       Scale mail        |    27 |    57 |       ||    84
       Skin              |       |       |     3 ||     3
Dodge: Dodged            |    48 |    51 |   129 ||   228

Table legend: (Time is in decaauts)
 A = Elapsed time spent in this place.
 B = Non-inter-level travel time spent in this place.
 C = Inter-level travel time spent in this place.
 D = Time resting spent in this place.
 E = Time spent auto-exploring this place.
 F = Levels seen in this place.
 G = Mean time per level.
                   A        B        C        D        E       F      G
               +--------+--------+--------+--------+--------+-----+--------+
         Total |   5593 |   5451 |    142 |   1342 |   2107 |   6 |  932.2 |
       Dungeon |   5299 |   5157 |    142 |   1342 |   1923 |   5 | 1059.8 |
        Temple |    294 |    294 |      0 |      0 |    184 |   1 |  294.0 |
               +--------+--------+--------+--------+--------+-----+--------+

Top non-repeatable levels by time:
     D:5: 1878 daAuts
     D:3: 1220 daAuts
     D:4: 1021 daAuts
     D:2: 631 daAuts
     D:1: 548 daAuts
  Temple: 294 daAuts
